 Dungeon Crawl Stone Soup version 0.21.1-1-g345015f (webtiles) character file.

2009 tracefromathens the Cleaver (level 9, -14/78 HPs)
             Began as a Hill Orc Fighter on May 22, 2018.
             Was a Believer of Beogh.
             Killed from afar by a kobold (36 damage)
             ... with an exploding inner flame
             ... hexed by the player character
             ... on level 7 of the Dungeon on May 23, 2018.
             The game lasted 00:59:13 (6980 turns).

tracefromathens the Cleaver (Hill Orc Fighter)      Turns: 6980, Time: 00:59:14

Health: -14/78     AC: 14    Str: 22    XL:     9   Next: 22%
Magic:  0/9        EV:  5    Int: 10    God:    Beogh [**....]
Gold:   69         SH: 10    Dex: 10    Spells: 8/8 levels left

rFire    . . .     SeeInvis .   I - +1 morningstar (crush)
rCold    + . .     Gourm    .   c - +0 shield
rNeg     . . .     Faith    .   d - +0 plate armour
rPois    .         Spirit   +   (helmet restricted)
rElec    .         Reflect  .   g - +0 cloak
rCorr    .         Harm     .   (no gloves)
MR       .....                  (no boots)
Stlth    ..........             A - amulet of guardian spirit
HPRegen  0.23/turn              e - ring of protection from cold
MPRegen  0.11/turn              (no ring)

@: about to teleport
A: beak, clever 1
a: Smiting, Renounce Religion


You were on level 7 of the Dungeon.
You worshipped Beogh.
Beogh was pleased with you.
You were not hungry.

You visited 2 branches of the dungeon, and saw 8 of its levels.

You collected 321 gold pieces.
You spent 252 gold pieces at shops.

Inventory:

Hand Weapons
 a - a +0 flail
 j - a cursed -3 dagger
 n - a +0 war axe
 r - a +0 long sword
 s - a cursed +2 scimitar of freezing
 v - a +1 spear
 z - a +4 battleaxe
 F - a +0 hunting sling
 G - a +2 dire flail of holy wrath
 I - a +1 morningstar of crushing (weapon)
 J - the +1 spear of Harmony {pierce, rElec rPois Str+2, unknown}
   (You found it on level 7 of the Dungeon)

   It inflicts extra damage upon your enemies.
   It affects your strength (+2).
   It insulates you from electricity.
   It protects you from poison.
Missiles
 h - 207 stones (quivered)
 i - 16 bolts
 l - 91 sling bullets
 m - 10 poisoned needles
Armour
 b - a +1 scale mail
 c - a +0 shield (worn)
 d - a +0 plate armour (worn)
 g - a +0 cloak (worn)
 C - a +0 shield
 H - a +0 scale mail
Magical Staves
 y - a cursed staff of earth
Jewellery
 e - a ring of protection from cold (left hand)
 A - an amulet of guardian spirit (around neck)
 K - an uncursed ring of teleportation
Wands
 x - a wand of disintegration (14)
 D - a wand of paralysis (14)
Scrolls
 k - 9 scrolls of remove curse
 o - a scroll of random uselessness
 p - a scroll of amnesia
 q - 4 scrolls of teleportation
 w - 2 scrolls of noise
Potions
 u - a potion of ambrosia
 E - a potion of flight
Books
 t - a book of Air

   Spells                             Type                      Level
   a - Shock                          Conjuration/Air              1
   b - Swiftness                      Charms/Air                   2
   c - Static Discharge               Conjuration/Air              3
   d - Airstrike                      Air                          4
   e - Lightning Bolt                 Conjuration/Air              5
Comestibles
 f - 5 rations
 M - a chunk of flesh


   Skills:
 + Level 6.4 Fighting
 - Level 9.9(10.4) Axes
 * Level 4.3(6.9) Maces & Flails
 + Level 6.2 Armour
 + Level 6.3 Shields


You had 8 spell levels left.
You didn't know any spells.

Dungeon Overview and Level Annotations

Branches:
Dungeon (7/15)             Temple (1/1) D:6

Altars:
Ashenzari
Elyvilon
Hepliaklqana
Nemelex Xobeh
Qazlal
Sif Muna
Trog
Zin

Shops:
D:6 *


Innate Abilities, Weirdness & Mutations

You have a beak for a mouth.
Your mind is acute. (Int +2)


Message History

The fiery explosion engulfs the big kobold.
The big kobold explodes!
The fiery explosion engulfs the kobold.
The kobold explodes!
The fiery explosion engulfs you!
The fiery explosion engulfs the kobold.
The kobold explodes!
The fiery explosion engulfs the kobold.
The kobold explodes!
The fiery explosion engulfs the kobold.
The kobold explodes!
The fiery explosion engulfs you!
* * * LOW HITPOINT WARNING * * *
The fiery explosion engulfs the orc warrior.
The orc warrior explodes!
The fiery explosion engulfs the kobold.
The kobold explodes!
The fiery explosion engulfs the kobold.
The kobold explodes!
The fiery explosion engulfs you!
You die...

...#...........# .
...'....#...#### .#
...#....#..[#########.#
####....#...##....[...# #
# .....##...##........#..
#...........##.§§.......#
#......##.....§§§§§<.....
..............§§§§§§(#
..............§§@§§o.#
.............#§#K§H§...#
######..........oooS...(.
######...#...............
....................##.##
#.##...###.....#....# .#
#......# #.....#..... .
......## .......#..#.
....###


You could see a hippogriff, an orc priest, an adder, 3 orcs and a kobold.

Vanquished Creatures
  Grinder (D:6)
  Menkaure (D:6)
  Edmund (D:6)
  A water moccasin (D:4)
  A phantom (D:7)
  2 ogres
  2 bullfrogs
  2 scorpions
  A wyvern skeleton (D:6)
  4 wights (D:6)
  2 howler monkeys
  3 crimson imps
  2 hounds
  A jelly (D:6)
  3 orc priests
  2 orc wizards
  A bullfrog skeleton (D:5)
  Jessica (D:3)
  3 worker ants
  A hound skeleton (D:5)
  A howler monkey zombie (D:6)
  11 adders
  An ooze (D:2)
  3 worms
  A dart slug (D:2)
  6 leopard geckos
  12 orcs
  4 ball pythons
  2 giant cockroaches (D:2)
  7 hobgoblins
  8 jackals (D:3)
  5 kobolds
  6 quokkas
  12 bats
  4 frilled lizards
  6 goblins
  A quokka zombie (D:5)
  5 rats
130 creatures vanquished.

Vanquished Creatures (others)
  An orc (D:3)
  A kobold (D:3)
2 creatures vanquished.

Grand Total: 132 creatures vanquished

Notes
Turn   | Place    | Note
-------+----------+-------------------------------------------
     0 | D:1      | tracefromathens the Hill Orc Fighter began the quest for the Orb.
     0 | D:1      | Reached XP level 1. HP: 19/19 MP: 1/1
   408 | D:1      | Reached XP level 2. HP: 22/27 MP: 2/2
   911 | D:2      | Reached XP level 3. HP: 32/33 MP: 3/3
  1295 | D:2      | Reached XP level 4. HP: 39/40 MP: 4/4
  2043 | D:3      | Noticed Jessica
  2050 | D:3      | Killed Jessica
  2050 | D:3      | Reached skill level 1 in Axes
  2050 | D:3      | Reached XP level 5. HP: 42/47 MP: 5/5
  2089 | D:3      | Reached skill level 2 in Axes
  2326 | D:3      | Became a worshipper of Beogh the Brigand
  2356 | D:3      | Found a faded altar of an unknown god.
  2395 | D:3      | Reached skill level 3 in Axes
  2661 | D:3      | Reached XP level 6. HP: 53/53 MP: 6/6
  3174 | D:4      | Noticed a water moccasin
  3181 | D:4      | Reached skill level 4 in Axes
  3189 | D:4      | Killed a water moccasin
  3189 | D:4      | Reached skill level 5 in Axes
  3254 | D:4      | Reached * piety under Beogh
  3272 | D:4      | Reached XP level 7. HP: 22/60 MP: 7/7
  3836 | D:4      | Found a hazy altar of Hepliaklqana.
  4297 | D:5      | Entered Level 5 of the Dungeon
  4304 | D:5      | Reached skill level 6 in Axes
  4541 | D:5      | Found a stormy altar of Qazlal.
  4703 | D:5      | Reached skill level 5 in Shields
  4805 | D:5      | Reached skill level 5 in Fighting
  5153 | D:6      | Reached skill level 7 in Axes
  5230 | D:6      | Noticed Menkaure
  5242 | D:6      | Reached XP level 8. HP: 68/68 MP: 6/8
  5251 | D:6      | Killed Menkaure
  5251 | D:6      | Reached skill level 8 in Axes
  5251 | D:6      | Reached skill level 5 in Armour
  5524 | D:6      | Noticed Edmund
  5590 | D:6      | Killed Edmund
  5590 | D:6      | Reached skill level 9 in Axes
  5773 | D:6      | Found a staircase to the Ecumenical Temple.
  5844 | Temple   | Entered the Ecumenical Temple
  5928 | D:6      | Noticed Grinder
  5951 | D:6      | Paralysed by Grinder for 3 turns
  5956 | D:6      | Killed Grinder
  5969 | D:6      | Gained mutation: You have a beak for a mouth. [potion of mutation]
  5969 | D:6      | Gained mutation: Your mind is acute. (Int +2) [potion of mutation]
  6011 | D:6      | Reached XP level 9. HP: 44/75 MP: 7/9
  6340 | D:6      | Found a white marble altar of Elyvilon.
  6340 | D:6      | Found a stormy altar of Qazlal.
  6370 | D:6      | Found Uhofi's Assorted Antiques.
  6376 | D:6      | Bought a runed morningstar for 196 gold pieces
  6376 | D:6      | Bought a scroll of identify for 56 gold pieces
  6843 | D:7      | Got a brightly glowing spear
  6845 | D:7      | Found a shattered altar of Ashenzari.
  6882 | D:7      | Reached ** piety under Beogh
  6980 | D:7      | Killed from afar by a kobold

Skill      XL: |  1  2  3  4  5  6  7  8  9 |
---------------+----------------------------+-----
Fighting       | 4 5 6 |  6.4
Maces & Flails | 3 4 |  4.3
Shields        | 4 5 6 |  6.3
Axes           | 1 3 5 7 9 |  9.9
Armour         | 4 5 6 |  6.2

Action                   |  1- 3 |  4- 6 |  7- 9 || total
-------------------------+-------+-------+-------++-------
Melee: Flail             |   127 |    29 |       ||   156
       War axe           |       |   191 |   198 ||   389
       Peck              |       |       |    13 ||    13
       Morningstar       |       |       |    43 ||    43
Invok: Convert to Beogh  |       |     1 |       ||     1
Evoke: Wand              |       |       |     1 ||     1
  Use: Scroll            |    10 |     3 |    13 ||    26
       Potion            |     2 |     3 |     5 ||    10
  Eat: Chunk             |     1 |     4 |     2 ||     7
       Ration            |       |     1 |     3 ||     4
Armor: Scale mail        |    86 |   117 |    36 ||   239
       Plate armour      |       |       |    79 ||    79
Dodge: Dodged            |    57 |    74 |    54 ||   185
Block: Shield            |    88 |   135 |   115 ||   338
